 Dungeon Crawl Stone Soup version 0.29-a0-330-g52719c12eb (webtiles) character file.

Game seed: 12889452111390071049

37251 Sirrus the Fighter (level 13, 0/122 HPs)
             Began as a Minotaur Berserker on May 18, 2022.
             Was a High Priest of Trog.
             Slain by Rupert
             ... wielding a +3 battleaxe of flaming
              (5 damage)
             ... while petrified by a basilisk
             ... on level 2 of the Lair of Beasts on May 19, 2022.
             The game lasted 03:11:24 (15032 turns).

Sirrus the Fighter (Minotaur Berserker)            Turns: 15032, Time: 03:11:25

Health: 0/122      AC: 14    Str: 21    XL:     13   Next: 57%
Magic:  0/12       EV:  2    Int: 15    God:    Trog [*****.]
Gold:   1709       SH:  0    Dex: 25    Spells: 12/12 levels left

rFire   . . .      SeeInvis +   a - +3 spear (freeze)
rCold   + + .      Faith    .   c - +0 kite shield "Vepus" {rC+ Will- rCorr Dex+2}
rNeg    + + +      Spirit   +   X - +3 ring mail of the Ward {+Inv Str-2 Int+8}
rPois   ∞          Reflect  .   O - +0 hat
rElec   .          Harm     .   (no cloak)
rCorr   +          Rampage  .   w - +2 pair of gloves
Will    .....                   (no boots)
Stlth   +.........              m - amulet of guardian spirit
HPRegen 1.10/turn               x - ring "Vyliugeu" {rC+ Str-3 Int+3 Dex+4 SInv}
MPRegen 0.13/turn               n - +6 ring of dexterity

@: petrified, hasted
A: horns 2, retaliatory headbutt, regeneration 1, strong 1, wild magic 1
a: Renounce Religion, Evoke Invisibility, Berserk, Trog's Hand, Brothers in Arms


You were on level 2 of the Lair of Beasts.
You worshipped Trog.
Trog was extremely pleased with you.
You visited 5 branches of the dungeon, and saw 19 of its levels.

You collected 2051 gold pieces.
You spent 342 gold pieces at shops.

Inventory:

Hand Weapons
 a - a +3 spear of freezing (weapon)
 b - a +1 hunting sling of flaming
 i - a +2 trident of flaming
 q - a +1 glaive of venom
 L - a +2 vorpal war axe
 S - a +2 vampiric long sword
Missiles
 o - 382 stones
 y - 15 boomerangs
 F - 4 silver boomerangs
 R - 7 poisoned darts (quivered)
Armour
 c - the +0 kite shield "Vepus" (worn) {rC+ Will- rCorr Dex+2}
   (You acquired it on level 5 of the Dungeon)

   Dex:       It affects your dexterity (+2).
   rC:        It protects you from cold.
   rCorr:     It protects you from acid and corrosion.
   Will:      It decreases your willpower.
 v - a +1 robe of positive energy
 w - a +2 pair of gloves (worn)
 z - a +3 scale mail of willpower
 O - a +0 hat (worn)
 Q - a +0 ring mail of cold resistance
 U - a +1 plate armour of poison resistance
 X - the +3 ring mail of the Ward (worn) {+Inv Str-2 Int+8}
   (You found it on level 10 of the Dungeon)

   Str:       It affects your strength (-2).
   Int:       It affects your intelligence (+8).
   +Inv:      It lets you turn invisible.
Jewellery
 e - a ring of protection from fire
 m - an amulet of guardian spirit (around neck)
 n - a +6 ring of dexterity (right hand)
 x - the ring "Vyliugeu" (left hand) {rC+ Str-3 Int+3 Dex+4 SInv}
   (You acquired it on level 9 of the Dungeon)

   [ring of see invisible]

   Str:       It affects your strength (-3).
   Int:       It affects your intelligence (+3).
   Dex:       It affects your dexterity (+4).
   rC:        It protects you from cold.
   SInv:      It lets you see invisible.
Wands
 t - a wand of mindburst (10)
 B - a wand of digging (6)
 D - a wand of iceblast (6)
 E - a wand of polymorph (5)
 G - a wand of acid (1)
 Y - a wand of charming (3)
 Z - a wand of flame (9)
Scrolls
 f - 4 scrolls of brand weapon
 j - 2 scrolls of fear
 k - 6 scrolls of teleportation
 l - 4 scrolls of fog
 p - 7 scrolls of identify
 K - a scroll of enchant armour
 P - 2 scrolls of enchant weapon
 T - a scroll of holy word
Potions
 d - 2 potions of ambrosia
 g - a potion of might
 h - 8 potions of curing
 r - 4 potions of cancellation
 s - 2 potions of flight
 A - a potion of haste
 H - 2 potions of mutation
 M - 2 potions of heal wounds
 N - a potion of lignification {unknown}
 V - 3 potions of magic
 W - a potion of resistance
Miscellaneous
 C - a piece from Xom's chessboard (15/15)


   Skills:
 + Level 13.1 Fighting
 - Level 3.7(4.8) Short Blades
 - Level 5.1(5.8) Long Blades
 + Level 11.3 Polearms
 - Level 2.1(2.5) Slings
 + Level 1.7(2.1) Throwing
 + Level 12.9 Armour
 + Level 11.9 Dodging
 + Level 12.3 Shields


You had 12 spell levels left.
You didn't know any spells.
Your spell library contained the following spells:

 Spells                   Type           Power      Damage    Failure   Level
 Portal Projectile        Hex/Tloc       0%         N/A       96%         3
 Blade Hands              Tmut           0%         N/A       100%        5
 Excruciating Wounds      Necr           0%         N/A       100%        5


Dungeon Overview and Level Annotations

Branches:
Dungeon (12/15)            Temple (1/1) D:7            Lair (3/6) D:9
    Orc (2/2) D:9             Elf (1/3) Orc:2
  Swamp: Lair:2-4    Shoals: Lair:2-4     Snake: Lair:2-4    Spider: Lair:2-4

Altars:
Ashenzari
Cheibriados
Dithmenos
Elyvilon
Fedhas
Gozag
Hepliaklqana
Kikubaaqudgha
Makhleb
Nemelex Xobeh
Okawaru
Qazlal
Ru
Sif Muna
Trog
Uskayaw
Vehumet
Wu Jian
Xom
Yredelemnul
Zin
The Shining One
Beogh

Shops:
D:1 (   D:3 !   D:11 *   Orc:1 !=!   Orc:2 *=!*

Annotations:
Lair:2 Rupert


Innate Abilities, Weirdness & Mutations

You have a pair of horns on your head.
You reflexively headbutt those who attack you in melee.
Your natural rate of healing is unusually fast.
Your muscles are strong. (Str +2)
Your spells are a little harder to cast, but a little more powerful.


Message History

Rupert burns you!
* * * LOW HITPOINT WARNING * * *
Rupert hits your eight-headed hydra with a +3 battleaxe of flaming!!
Rupert slices one of your eight-headed hydra's heads off!
The flame cauterises the wound!
Rupert burns your seven-headed hydra! The basilisk gazes at you.
Your limbs have turned to stone.
You have turned to stone.
Rupert hits you with a +3 battleaxe of flaming!
* * * LOW HITPOINT WARNING * * *
Rupert burns you.
* * * LOW HITPOINT WARNING * * *
Rupert hits your seven-headed hydra with a +3 battleaxe of flaming!!!
Rupert chops one of your seven-headed hydra's heads off!
The flame cauterises the wound!
Rupert burns your six-headed hydra.
Rupert hits you with a +3 battleaxe of flaming!!
* * * LOW HITPOINT WARNING * * *
Rupert burns you.
* * * LOW HITPOINT WARNING * * *
Rupert hits your six-headed hydra with a +3 battleaxe of flaming!
Rupert burns your six-headed hydra.
Your six-headed hydra dies!
Your six-headed hydra's corpse dissolves into shadows!
Rupert hits you but does no damage.
Rupert completely misses your cane toad.
Your cane toad stings Rupert!!
Rupert looks as sick as possible!
Your cane toad poisons Rupert!
The basilisk bites you but does no damage.
Your komodo dragon bites the plant.
The plant begins to die.
Rupert hits your cane toad with a +3 battleaxe of flaming!
Rupert burns your cane toad.
Rupert hits you with a +3 battleaxe of flaming!
* * * LOW HITPOINT WARNING * * *
Rupert burns you.
Your cane toad stings Rupert!
Rupert looks as sick as possible!
Your cane toad poisons Rupert!
Rupert hits your cane toad with a +3 battleaxe of flaming!!
Rupert burns your cane toad.
Your cane toad dies!
Your cane toad's corpse dissolves into shadows!
Rupert hits you with a +3 battleaxe of flaming!
You die...

###.....<.P##
#.#......P##
##....PPP.##
####....PPPPPP.#
#......)PPPPPP.#
#.>.....PP.P..P#
##.......PP..PPPP#
#....Yl@.PP.PP.PP.
#.YY....#@.PPPP.PPP
#..Y....##l.PPPPPP
..Y.......##...PP..
...Y...PP.## #...P.
......P♣P.# #....
.....P♣.## ####
......#


You could see Rupert (berserk, unaware, extremely poisoned, ally target), a yak,
a basilisk and a friendly komodo dragon (summoned).

Vanquished Creatures
  4 ogre magi (Orc:2)
  19 two-headed ogres
  Urug (Lair:2)
  The ghost of zxcv the Magician, a novice DjIE of Gozag (D:7)
  An orc knight (Orc:1)
  Pikel (D:5)
  An orc sorcerer (Orc:2)
  A cyclops (D:11)
  Joseph (D:8)
  A manticore (D:11)
  2 cane toads
  2 gargoyles (D:10)
  3 kobold demonologists
  3 komodo dragons
  3 polar bears (D:10)
  3 trolls
  Grinder (D:5)
  A queen bee (D:11)
  Prince Ribbit (D:7)
  A hornet (D:6)
  Sigmund (D:5)
  2 centaur simulacra (D:10)
  A shadow (D:9)
  A vampire (D:11)
  2 wyverns
  A wraith (D:9)
  Eustachio (D:5)
  15 yaks
  A basilisk (Lair:1)
  Menkaure (D:7)
  A warg (Orc:1)
  2 acid dragons
  4 water moccasins
  A meliai simulacrum (D:10)
  15 orc warriors
  3 sky beasts
  6 ice beasts
  9 wolves
  30 ogres
  2 phantoms
  10 centaurs
  A gnoll sergeant (D:7)
  10 bullfrogs
  2 scorpions (D:6)
  2 wights (D:6)
  18 killer bees
  3 electric eels (D:10)
  7 howler monkeys
  A crimson imp (D:8)
  A gnoll shaman (D:6)
  9 orc priests
  3 hounds
  5 iguanas
  29 orc wizards
  11 gnolls
  8 adders
  A shadow imp (D:8)
  2 howler monkey simulacra (D:10)
  6 white imps
  3 ufetubi
  4 dart slugs
  73 orcs
  9 ball pythons
  5 bats
  4 endoplasms
  5 giant cockroaches
  10 goblins
  15 hobgoblins
  5 jackals
  8 kobolds
  2 quokkas (D:1)
  2 frilled lizards
  6 rats
430 creatures vanquished.

Vanquished Creatures (collateral kills)
  The ghost of p0werm0de the Cleaver, a journeyman PaFi of Okawaru (D:11)
  A wraith (D:11)
  A black bear (D:8)
  2 killer bees (D:11)
  An orc (D:10)
6 creatures vanquished.

Vanquished Creatures (others)
  5 fungi
  28 plants
33 creatures vanquished.

Grand Total: 469 creatures vanquished

Notes
Turn   | Place    | Note
-------+----------+-------------------------------------------
     0 | D:1      | Sirrus the Minotaur Berserker began the quest for the Orb.
     0 | D:1      | Reached XP level 1. HP: 19/19 MP: 0/0
   367 | D:1      | Reached XP level 2. HP: 25/27 MP: 1/1
   572 | D:1      | Reached skill level 4 in Fighting
   623 | D:1      | Found Dehuina's Antique Weapon Emporium.
   666 | D:2      | Reached XP level 3. HP: 33/33 MP: 2/2
  1342 | D:2      | Reached ** piety under Trog
  1803 | D:3      | Found a blossoming altar of Fedhas.
  1862 | D:2      | Reached XP level 4. HP: 40/40 MP: 3/3
  2062 | D:3      | Found a white marble altar of Elyvilon.
  2276 | D:3      | Found an ancient bone altar of Kikubaaqudgha.
  2489 | D:3      | Found Zuzxeobo's Distillery.
  2498 | D:3      | Bought a potion of curing for 30 gold pieces
  2498 | D:3      | Bought a potion of curing for 30 gold pieces
  2498 | D:3      | Bought a potion of heal wounds for 50 gold pieces
  2545 | D:3      | You fall into a shaft and drop 1 floor!
  2546 | D:4      | Noticed an ice beast
  2563 | D:4      | Killed an ice beast
  2564 | D:4      | Reached skill level 1 in Slings
  2564 | D:4      | Reached skill level 1 in Shields
  2564 | D:4      | Reached XP level 5. HP: 40/47 MP: 2/4
  3126 | D:5      | Entered Level 5 of the Dungeon
  3414 | D:4      | Noticed a phantom
  3424 | D:4      | Killed a phantom
  3425 | D:4      | Reached skill level 5 in Long Blades
  3425 | D:4      | Reached XP level 6. HP: 48/55 MP: 5/5
  3732 | D:4      | Found a stormy altar of Qazlal.
  3840 | D:5      | Reached skill level 5 in Fighting
  3988 | D:5      | Noticed Grinder
  4240 | D:7      | Found a large runed translucent door.
  4240 | D:7      | Found a large runed translucent door.
  4245 | D:7      | Noticed zxcv's ghost (novice DjIE)
  4446 | D:6      | Reached skill level 1 in Polearms
  4446 | D:6      | Reached XP level 7. HP: 43/61 MP: 4/6
  4585 | D:6      | Reached skill level 5 in Armour
  4692 | D:6      | Reached skill level 6 in Fighting
  4898 | D:6      | Reached skill level 5 in Dodging
  4898 | D:6      | Reached XP level 8. HP: 61/70 MP: 5/7
  5124 | D:5      | Identified a scroll of acquirement
  5124 | D:5      | Acquired the +0 kite shield "Vepus" {rC+ Will- rCorr Dex+2}
  5426 | D:5      | Noticed Eustachio
  5428 | D:5      | Paralysed by Grinder for 4 turns
  5430 | D:5      | Noticed Sigmund
  5727 | D:7      | Noticed a hornet
  5792 | D:5      | Killed Sigmund
  5813 | D:5      | Killed Grinder
  5814 | D:5      | Reached skill level 5 in Shields
  5864 | D:5      | Killed Eustachio
  5864 | D:5      | Reached *** piety under Trog
  5865 | D:5      | Reached skill level 7 in Fighting
  5881 | D:5      | Found a shimmering altar of Xom.
  6110 | D:5      | Found a snail-covered altar of Cheibriados.
  6116 | D:5      | Noticed Pikel
  6143 | D:5      | Killed Pikel
  6144 | D:5      | Reached skill level 1 in Short Blades
  6144 | D:5      | Reached XP level 9. HP: 43/79 MP: 2/8
  6570 | D:7      | Found a staircase to the Ecumenical Temple.
  6742 | D:6      | Gained mutation: Your spells are a little harder to cast,
                  | but a little more powerful. [potion of mutation]
  6742 | D:6      | Gained mutation: Your natural rate of healing is unusually
                  | fast. [potion of mutation]
  6742 | D:6      | Gained mutation: Your muscles are strong. (Str +2) [potion
                  | of mutation]
  6757 | D:7      | Noticed Prince Ribbit
  6848 | D:7      | Killed Prince Ribbit
  6858 | Temple   | Entered the Ecumenical Temple
  7131 | D:8      | Noticed Joseph
  7158 | D:7      | Reached skill level 8 in Fighting
  7169 | D:7      | Noticed Menkaure
  7180 | D:7      | Killed Menkaure
  7542 | D:7      | Reached **** piety under Trog
  7562 | D:7      | Found a burning altar of Makhleb.
  7973 | D:7      | Reached XP level 10. HP: 90/90 MP: 9/9
  8167 | D:7      | Killed zxcv's ghost
  8168 | D:7      | Reached skill level 5 in Polearms
  8401 | D:8      | Killed Joseph
  8511 | D:8      | Noticed a two-headed ogre
  8522 | D:8      | Killed a two-headed ogre
  8523 | D:8      | Reached skill level 9 in Fighting
  8631 | D:8      | Acquired 662 gold pieces
  9260 | D:9      | Noticed a two-headed ogre
  9275 | D:9      | Killed a two-headed ogre
  9298 | D:9      | Reached XP level 11. HP: 88/99 MP: 6/10
  9415 | D:10     | Entered Level 10 of the Dungeon
  9443 | D:9      | Reached skill level 10 in Fighting
  9569 | D:10     | Identified the +3 ring mail of the Ward {+Inv Str-2 Int+8}
  9583 | D:10     | Found a flagged portal.
  9584 | D:10     | Noticed a two-headed ogre
  9653 | D:11     | Reached skill level 10 in Armour
  9654 | D:11     | Found Taedd's Assorted Antiques.
  9721 | D:11     | Reached ***** piety under Trog
 10077 | D:11     | Noticed p0werm0de's ghost (journeyman PaFi)
 10111 | D:11     | Found a transporter.
 10115 | D:11     | Found a transporter.
 10151 | D:11     | Killed p0werm0de's ghost
 10360 | D:11     | Reached skill level 10 in Shields
 10401 | D:12     | Noticed a two-headed ogre
 10401 | D:12     | Noticed a two-headed ogre
 10401 | D:12     | Noticed an ogre mage
 10424 | D:11     | Reached skill level 11 in Fighting
 10778 | D:10     | Killed a two-headed ogre
 10807 | D:10     | Reached skill level 10 in Dodging
 10813 | D:10     | Reached XP level 12. HP: 110/110 MP: 11/11
 10964 | D:10     | Noticed a two-headed ogre
 10973 | D:10     | Killed a two-headed ogre
 11699 | D:9      | Acquired the ring "Vyliugeu" {rC+ Str-3 Int+3 Dex+4 SInv}
 11749 | D:9      | Found a staircase to the Lair.
 11879 | D:9      | Found a staircase to the Orcish Mines.
 11891 | Orc:1    | Entered Level 1 of the Orcish Mines
 12027 | Orc:1    | Found Sonumear's Distillery.
 12384 | Orc:1    | Found Mykedit's Distillery.
 12391 | Orc:1    | Found Wanaall's Jewellery Emporium.
 12402 | Orc:2    | Entered Level 2 of the Orcish Mines
 12641 | Orc:2    | Noticed a two-headed ogre
 12642 | Orc:2    | Noticed a two-headed ogre
 12642 | Orc:2    | Noticed a two-headed ogre
 12656 | Orc:2    | Killed a two-headed ogre
 12662 | Orc:2    | Killed a two-headed ogre
 12673 | Orc:2    | Killed a two-headed ogre
 12674 | Orc:2    | Noticed a two-headed ogre
 12683 | Orc:2    | Killed a two-headed ogre
 12684 | Orc:2    | Reached skill level 12 in Fighting
 12720 | Orc:2    | Noticed an ogre mage
 12721 | Orc:2    | Noticed a two-headed ogre
 12742 | Orc:2    | Killed an ogre mage
 12743 | Orc:2    | Reached skill level 10 in Polearms
 12747 | Orc:2    | Killed a two-headed ogre
 12753 | Orc:2    | Noticed a two-headed ogre
 12761 | Orc:2    | Noticed a two-headed ogre
 12765 | Orc:2    | Killed a two-headed ogre
 12774 | Orc:2    | Killed a two-headed ogre
 12774 | Orc:2    | Received a gift from Trog
 12844 | Orc:2    | Noticed a two-headed ogre
 12853 | Orc:2    | Noticed an ogre mage
 12866 | Orc:2    | Killed a two-headed ogre
 12895 | Orc:2    | Killed an ogre mage
 12896 | Orc:2    | Reached XP level 13. HP: 119/119 MP: 12/12
 12972 | Orc:2    | Paralysed by an ogre mage for 7 turns
 13051 | Orc:2    | Found Muadej's General Store.
 13051 | Orc:2    | Found Okaoraoj's Distillery.
 13113 | Orc:2    | Found Jeriaro's Jewellery Boutique.
 13113 | Orc:2    | Found Jomafosa's General Store.
 13128 | Orc:2    | Bought a wand of mindburst (10) for 196 gold pieces
 13130 | Orc:2    | Bought 6 boomerangs for 36 gold pieces
 13445 | Orc:2    | Found a staircase to the Elven Halls.
 13453 | Elf:1    | Entered Level 1 of the Elven Halls
 13474 | Orc:2    | Reached skill level 13 in Fighting
 13574 | Orc:2    | Paralysed by an orc sorcerer for 4 turns
 13908 | Lair:1   | Entered Level 1 of the Lair of Beasts
 14028 | Lair:2   | Reached skill level 1 in Throwing
 14925 | Lair:2   | Noticed Urug
 14953 | Lair:2   | Killed Urug
 15010 | Lair:3   | Noticed Rupert
 15032 | Lair:2   | HP: 5/122 [Rupert/+3 battleaxe of flaming (7)]
 15032 | Lair:2   | Slain by Rupert

Illustrated notes

Levels and vault maps discovered:
D:1:      dpeg_arrival_shelter, layout_basic, serial_shops, shop
D:2:      layout_basic
D:3:      layout_basic, fedhas_altar_1, old_standard_altar,
          nicolae_elyvilon_peaceful_grove, serial_shops, shop,
          minmay_goblin_outpost
D:4:      layout_basic, lemuel_crystal_altar
D:5:      layout_rooms, mainiacjoe_overflow_chevrons, xom_butterflies,
          minmay_misc_feat_x, uniq_grinder, uniq_pikel, uniq_sigmund,
          uniq_eustachio
D:6:      minmay_spotlight, layout_basic
D:7:      layout_loops_ring, lemuel_doored_altar,
          minmay_temple_entry_junction_2, ebering_ghost_disaster_area,
          grunt_ogre_cave, uniq_menkaure, uniq_prince_ribbit1
D:8:      minmay_angry_zag, layout_cave_pools, minmay_fire_ice_demons,
          uniq_joseph
D:9:      layout_basic, grunt_lair_entry_orc_guard_hut
D:10:     layout_cave_pools, enter_bailey_4, serial_ice, serial_ice_m,
          serial_ice_f, serial_ice_o, serial_ice_n, serial_ice_g, serial_ice_i,
          serial_ice_a, hangedman_decor_slide_cut
D:11:     layout_loops_ring, serial_shops, shop, gammafunk_ghost_hive
D:12:     layout_basic, hellmonk_ghost_big_iron, st_stairs_12, uniq_sonja
Temple:   regret_index_temple_generic_petals
Lair:1:   layout_cellular_growth, grunt_megastairs_5
Lair:2:   layout_hall_layers, serial_forest, infiniplex_forest_clump_tiny,
          infiniplex_forest_split, infiniplex_forest_corner_2,
          infiniplex_forest_clump_tiny, infiniplex_forest_clump_tiny,
          infiniplex_forest_end_3, infiniplex_forest_corner_1,
          infiniplex_forest_clump_medium, uniq_urug
Lair:3:   layout_misc_corridors, swamp_mist, spider_nest_entry_a, st_stairs_8,
          grunt_megastairs_4, serial_bayou_shore_b, lemuel_fruit_tree,
          uniq_rupert
Orc:1:    layout_caves, serial_shops, nicolae_shop_crystal,
          nicolae_shop_hallway_stairs, shop
Orc:2:    st_orc_ogre_mass, layout_diamond_mine, basic_altar,
          nicolae_orc_lost_temple
Elf:1:    eino_elf_arrival_the_gate, layout_onion_city, minmay_elf_demonology,
          minmay_misc_feat_ornament

Skill      XL: |  1  2  3  4  5  6  7  8  9 10 11 12 13 |
---------------+----------------------------------------+-----
Long Blades    | 4 5 |  5.1
Fighting       | 4 5 6 7 8 9 11 12 13 | 13.1
Armour         | 3 4 5 6 8 9 10 12 | 12.9
Dodging        | 3 4 5 6 7 8 10 11 | 11.9
Slings         | 1 2 |  2.1
Shields        | 1 2 3 4 5 7 8 10 11 12 | 12.3
Polearms       | 1 3 4 6 8 10 11 | 11.3
Short Blades   | 1 3 |  3.7
Throwing       | 1 |  1.7

Action                   |  1- 3 |  4- 6 |  7- 9 | 10-12 | 13-15 || total
-------------------------+-------+-------+-------+-------+-------++-------
Melee: Falchion          |    98 |   109 |       |       |       ||   207
       Headbutt          |     9 |    21 |    43 |   250 |    80 ||   403
       Trident           |       |    19 |   112 |       |       ||   131
       Rapier            |       |       |   141 |       |       ||   141
       Spear             |       |       |    26 |   985 |   273 ||  1284
 Fire: Hunting sling     |       |    24 |       |    14 |       ||    38
Throw: Stone             |       |    32 |    42 |     2 |       ||    76
       Dart              |       |       |    12 |    15 |     5 ||    32
       Throwing net      |       |       |     3 |     1 |       ||     4
       Boomerang         |       |       |    22 |    94 |    55 ||   171
Invok: Berserk           |     1 |     1 |     4 |     1 |       ||     7
       Trog's Hand       |       |     2 |     5 |     7 |       ||    14
       Brothers in Arms  |       |       |       |     4 |       ||     4
Evoke: Wand              |       |     6 |    16 |       |       ||    22
  Use: Potion            |       |     2 |     6 |     4 |     2 ||    14
       Scroll            |       |       |    10 |     5 |     4 ||    19
Armor: Animal skin       |     9 |       |       |       |       ||     9
       Leather armour    |    17 |       |       |       |       ||    17
       Ring mail         |       |    39 |    58 |    27 |    23 ||   147
       Plate armour      |       |       |       |   356 |       ||   356
       Acid dragon scale |       |       |       |     3 |       ||     3
Dodge: Dodged            |    72 |    67 |   123 |   369 |    70 ||   701
Block: Buckler           |     1 |    11 |       |       |       ||    12
       Kite shield       |       |    26 |   113 |   566 |    92 ||   797

Table legend: (Time is in decaauts)
 A = Elapsed time spent in this place.
 B = Non-inter-level travel time spent in this place.
 C = Inter-level travel time spent in this place.
 D = Time resting spent in this place.
 E = Time spent auto-exploring this place.
 F = Levels seen in this place.
 G = Mean time per level.
                   A        B        C        D        E       F      G
               +--------+--------+--------+--------+--------+-----+--------+
         Total |  15023 |  14105 |    918 |   1978 |   6986 |  19 |  790.7 |
       Dungeon |  11966 |  11224 |    742 |   1837 |   5439 |  12 |  997.2 |
        Temple |    238 |    216 |     22 |      0 |    208 |   1 |  238.0 |
          Lair |   1087 |   1035 |     52 |      0 |    725 |   3 |  362.3 |
  Orcish Mines |   1719 |   1620 |     99 |    141 |    614 |   2 |  859.5 |
   Elven Halls |     10 |      9 |      1 |      0 |      0 |   1 |   10.0 |
               +--------+--------+--------+--------+--------+-----+--------+

Top non-repeatable levels by time:
     D:6: 1776 daAuts
     D:7: 1397 daAuts
   Orc:2: 1214 daAuts
     D:4: 1142 daAuts
    D:11: 1104 daAuts
     D:1: 1058 daAuts
    D:10: 983 daAuts
     D:5: 966 daAuts
     D:8: 953 daAuts
     D:2: 951 daAuts
     D:3: 919 daAuts
  Lair:1: 755 daAuts
     D:9: 678 daAuts
   Orc:1: 505 daAuts
  Lair:2: 315 daAuts
